 Dungeon Crawl Stone Soup version 0.29-a0-41-g89e12c0570 (webtiles) character file.

Game seed: 13611711449943533095

135 Destapler the Magician (level 4, 0/25 HPs)
             Began as a Deep Elf Hedge Wizard on Feb 2, 2022.
             Slain by a kobold brigand (3 damage)
             ... in a sewer.
             The game lasted 00:11:33 (3243 turns).

Destapler the Magician (Deep Elf Hedge Wizard)      Turns: 3243, Time: 00:11:33

Health: 0/25       AC:  7    Str:  7    XL:     4   Next: 96%
Magic:  0/12       EV: 13    Int: 21    God:
Gold:   147        SH:  0    Dex: 14    Spells: 4/12 levels left

rFire   . . .      SeeInvis .   a - +0 dagger
rCold   . . .      Faith    .   (no shield)
rNeg    . . .      Spirit   .   b - +0 robe
rPois   .          Reflect  .   c - +0 hat
rElec   .          Harm     .   (no cloak)
rCorr   .          Rampage  .   (no gloves)
Will    .....                   g - +0 pair of boots
Stlth   ++........              k - amulet of regeneration
HPRegen 0.88/turn               j - +4 ring of protection
MPRegen 0.13/turn               (no ring)

@: attractive
A: no striking features
a: no special abilities


You were in a sewer.
You visited 1 branch of the dungeon, and saw 4 of its levels.
You also visited: Sewer.

You collected 147 gold pieces.

Inventory:

Hand Weapons
 a - a +0 dagger (weapon)
Armour
 b - a +0 robe (worn)
 c - a +0 hat (worn)
 g - a +0 pair of boots (worn)
Jewellery
 j - a +4 ring of protection (left hand)
 k - an amulet of regeneration (around neck)
 m - a ring of magical power
Scrolls
 h - a scroll of identify {unknown}
 i - a scroll of enchant armour {unknown}
Potions
 l - a potion of haste {unknown}
 n - a potion of berserk rage {unknown}


   Skills:
 * Level 1.5 Fighting
 + Level 1.2 Short Blades
 - Level 3.0 Dodging
 - Level 3.0 Stealth
 + Level 4.9 Spellcasting
 - Level 2.0 Conjurations
 + Level 1.9 Summonings
 + Level 1.9 Translocations
 + Level 0.6 Air Magic
 + Level 0.4 Poison Magic


You had 4 spell levels left.
You knew the following spells:

 Your Spells              Type           Power      Damage    Failure   Level
a - Magic Dart            Conj           52%        1d5       4%          1
c - Mephitic Cloud        Conj/Pois/Air  9%         N/A       22%         3
i - Call Imp              Summ           13%        N/A       8%          2
B - Blink                 Tloc           26%        N/A       8%          2

Your spell library contained the following spells:

 Spells                   Type           Power      Damage    Failure   Level
 Sandblast                Erth           10%        2d5       11%         1
 Slow                     Hex            20%        N/A       11%         1
 Passwall                 Tmut/Erth      4%         N/A       17%         2
 Conjure Flame            Conj/Fire      9%         6-21      22%         3
 Stone Arrow              Conj/Erth      18%        3d8       22%         3


Dungeon Overview and Level Annotations

Branches:
Dungeon (6/15)              Sewer (1/1)
 Temple: D:4-7

Altars:


Message History

You hit the kobold brigand but do no damage.
The kobold brigand is moderately wounded.
A nearby plant withers and dies.
The ball python bites you. The ball python constricts you.
The bat closely misses you.
Your crimson imp blinks!
The ball python bites you but does no damage.
The ball python constricts you.
The magic dart hits the ball python.
You kill the ball python!
The kobold brigand seems less confused.
The bat completely misses you. The kobold brigand barely misses you.
The bat is attracted toward you.
The magic dart hits the kobold brigand.
The kobold brigand is moderately wounded.
The bat barely misses you.
The kobold brigand hits you with a +0 short sword.
The bat is attracted toward you.
You hit the bat.
The bat is moderately wounded.
A nearby plant withers and dies.
The bat hits you but does no damage.
The kobold brigand hits you with a +0 short sword.
* * * LOW HITPOINT WARNING * * *
You closely miss the bat.
The bat is moderately wounded.
The bat barely misses you.
The kobold brigand hits you with a +0 short sword.
* * * LOW HITPOINT WARNING * * *
Your crimson imp barely misses the bat.
The bat is attracted toward you.
You closely miss the bat.
The bat is moderately wounded.
The bat hits you but does no damage.
The kobold brigand hits you with a +0 short sword.
* * * LOW HITPOINT WARNING * * *
The bat is attracted toward you.
Unknown command.
You closely miss the bat.
The bat is moderately wounded.
The bat hits you but does no damage. The bat completely misses you.
A giant cockroach comes into view.
The kobold brigand hits you with a +0 short sword.
You die...

#......#≈≈≈≈≈.
#......#≈≈≈B≈≈
#......#≈≈≈≈≈
#..†...#≈≈≈#
#..P.≈≈#≈≈≈#
#...≈≈#≈≈≈#
##..5§b≈≈≈≈#
#....≈†≈≈≈≈#
###.K@≈#≈≈≈#
#.)..#≈≈≈#
##)'##≈≈≈#
#....#≈≈≈#
#....#≈≈≈#
#!.∩.#≈≈≈#
#....#≈≈≈#
######≈≈≈#
#...'≈≈≈#


You could see a kobold brigand (ally target), a giant cockroach (wandering), a
bat and a friendly crimson imp (summoned).

Vanquished Creatures
  An orc priest (D:3)
  4 adders
  A dart slug (D:1)
  2 orcs (D:3)
  9 ball pythons
  3 endoplasms
  4 giant cockroaches
  4 goblins
  5 hobgoblins
  10 kobolds
  3 quokkas
  3 bats
  2 frilled lizards (D:1)
  11 rats
62 creatures vanquished.

Vanquished Creatures (collateral kills)
  2 orcs (D:3)
  A goblin (D:2)
3 creatures vanquished.

Vanquished Creatures (others)
  3 plants (Sewer)
3 creatures vanquished.

Grand Total: 68 creatures vanquished

Notes
Turn   | Place    | Note
-------+----------+-------------------------------------------
     0 | D:1      | Destapler the Deep Elf Hedge Wizard began the quest for the
                  | Orb.
     0 | D:1      | Reached XP level 1. HP: 10/10 MP: 7/7
   336 | D:1      | Reached XP level 2. HP: 16/16 MP: 4/9
  1167 | D:1      | Learned a level 2 spell: Blink
  1350 | D:1      | Reached XP level 3. HP: 20/20 MP: 4/11
  1469 | D:1      | Found a faded altar of an unknown god.
  1865 | D:2      | Reached skill level 1 in Fighting
  2198 | D:2      | Learned a level 2 spell: Call Imp
  2202 | D:2      | Learned a level 3 spell: Mephitic Cloud
  2437 | D:2      | Reached XP level 4. HP: 14/25 MP: 3/12
  2783 | D:3      | Reached skill level 1 in Short Blades
  3093 | D:3      | You fall into a shaft and drop 3 floors!
  3112 | D:6      | Found a glowing drain.
  3141 | Sewer    | Entered a sewer
  3221 | Sewer    | Noticed a kobold brigand
  3243 | Sewer    | Slain by a kobold brigand

Illustrated notes

Levels and vault maps discovered:
D:1:      minmay_arrival_semitransparent, layout_basic,
          shapermc_ecumenical_altar_ellora, minmay_misc_feat_rows
D:2:      layout_loops_ring
D:3:      wad_lake_hut, layout_basic
D:6:      layout_gridville, nicolae_uskayaw_dance_hall,
          minmay_temple_entry_trees, gup_sewer_entry_pipe, serial_shops,
          nicolae_shop_window_shopping, chequers_mini_garden, bh_walls_and_bars
Sewer:    kennysheep_pipe_town

Skill      XL: |  1  2  3  4 |
---------------+-------------+-----
Fighting       | 1 |  1.5
Stealth        | 3 |  3.0
Short Blades   | 1 |  1.2
Conjurations   | 2 |  2.0
Dodging        | 3 |  3.0
Spellcasting   | |  4.9
Summonings     | |  1.9
Translocations | |  1.9
Air Magic      | |  0.6
Poison Magic   | |  0.4

Action                   |  1- 3 |  4- 6 || total
-------------------------+-------+-------++-------
Melee: Dagger            |    14 |    17 ||    31
 Cast: Magic Dart        |   116 |    44 ||   160
       Call Imp          |     1 |     6 ||     7
       Mephitic Cloud    |       |     1 ||     1
  Use: Scroll            |       |     2 ||     2
       Potion            |       |     1 ||     1
 Stab: Sleeping          |     3 |       ||     3
Armor: Robe              |     6 |    16 ||    22
Dodge: Dodged            |    21 |    27 ||    48

Table legend: (Time is in decaauts)
 A = Elapsed time spent in this place.
 B = Non-inter-level travel time spent in this place.
 C = Inter-level travel time spent in this place.
 D = Time resting spent in this place.
 E = Time spent auto-exploring this place.
 F = Levels seen in this place.
 G = Mean time per level.
                   A        B        C        D        E       F      G
               +--------+--------+--------+--------+--------+-----+--------+
         Total |   3255 |   3183 |     72 |    220 |   2492 |   5 |  651.0 |
       Dungeon |   3145 |   3073 |     72 |    165 |   2464 |   4 |  786.2 |
         Sewer |    109 |    109 |      0 |     55 |     28 |   1 |  109.0 |
               +--------+--------+--------+--------+--------+-----+--------+

Top non-repeatable levels by time:
     D:1: 1659 daAuts
     D:2: 1075 daAuts
     D:3: 358 daAuts
   Sewer: 109 daAuts
     D:6: 52 daAuts
